 Dungeon Crawl Stone Soup version 0.31-a0-145-g046c7d2549 (webtiles) character file.

Game seed: 7982059507419226369

111 nicknak712 the Grave Robber (level 4, -3/30 HPs)
             Began as a Demonspawn Necromancer on June 5, 2023.
             Slain by Sigmund
             ... wielding a +0 scythe
              (6 damage)
             ... on level 3 of the Dungeon.
             The game lasted 00:13:12 (2216 turns).

nicknak712 the Grave Robber (DsNe)                  Turns: 2216, Time: 00:13:12

Health: -3/30      AC:  7    Str:  5 (8)  XL:     4   Next: 62%
Magic:  4/7        EV: 11    Int: 16 (18) God:
Gold:   132        SH:  5    Dex: 11 (14) Spells: 4/8 levels left

rFire   . . .        d - +0 mace
rCold   . . .        (no shield)
rNeg    . . .        f - +0 leather armour
rPois   .            (no helmet)
rElec   .            (no cloak)
rCorr   .            p - +0 pair of gloves
SInv    .            m - +0 pair of boots
Will    .....        i - amulet of reflection
Stlth   ++           (no ring)
HPRegen 0.25/turn    (no ring)
MPRegen 0.10/turn

%: reflection
@: on berserk cooldown, slowed, very slow
A: slimy green scales 1, ignite blood 1, weakness stinger 1
a: no special abilities


You were on level 3 of the Dungeon.
You visited 1 branch of the dungeon, and saw 3 of its levels.

You collected 132 gold pieces.

Inventory:

Hand Weapons
 d - a +0 mace (weapon)
Armour
 a - a +0 robe
 f - a +0 leather armour (worn)
 m - a +0 pair of boots (worn)
 p - a +0 pair of gloves (worn)
Magical Staves
 n - a staff of air
Jewellery
 i - an amulet of reflection (around neck)
Scrolls
 c - 2 scrolls of enchant weapon {unknown}
 e - 2 scrolls of teleportation {unknown}
 g - a scroll of poison {unknown}
 j - a scroll of fog {unknown}
 l - a scroll of vulnerability {unknown}
 o - a scroll of summoning {unknown}
 q - 2 scrolls of identify {unknown}
 t - a scroll of immolation {unknown}
Potions
 b - a potion of magic


   Skills:
 * Level 2.9 Dodging
 * Level 3.0 Stealth
 + Level 2.6 Spellcasting
 + Level 4.8 Necromancy


You had 4 spell levels left.
You knew the following spells:

 Your Spells              Type           Power      Damage    Failure   Level
a - Necrotise             Necr           68%        1d7       4%          1
b - Vampiric Draining     Necr           17%        2d7       13%         3

Your spell library contained the following spells:

 Spells                   Type           Power      Damage    Failure   Level
 Animate Dead             Necr           17%        N/A       41%         4
 Ignite Poison            Fire/Tmut/Pois 2%         N/A       69%         3
 Portal Projectile        Hex/Tloc       4%         N/A       69%         3
 Tukima's Dance           Hex            2%         N/A       69%         3
 Sticky Flame             Conj/Fire      2%         2d3       97%         4
 Agony                    Necr           17%        N/A       77%         5
 Blade Hands              Tmut           1%         N/A       100%        5
 Ignition                 Fire           1%         3d3       100%        8


Dungeon Overview and Level Annotations

Branches:
Dungeon (3/15)

Altars:

Annotations:
D:3 Sigmund, Terence


Innate Abilities, Weirdness & Mutations

You are partially covered in slimy green scales. (AC +2)
Your demonic aura sometimes causes spilled blood to erupt in flames.
You have a small tail.


Message History

The orc is almost dead.
The orc hits you but does no damage. x2; Something hits you.
You are too injured to fight recklessly!
Casting: Necrotise (safe; 4% risk of failure)
Confirm with . or Enter, or press ? or * to list all spells.
The spell is quite dangerous to miscast (13% risk of failure)!
Continue anyway?
Aiming: Vampiric Draining (quite dangerous; 13% risk of failure)
Press: ? - help, Shift-Dir - straight line, f/p - orc
Aim: an orc, wielding a +0 club and wearing a +0 ring mail (almost dead)
You draw life force from the orc!
You kill the orc!
You feel life coursing into your body.
Your Stealth skill increases to level 3!
Something hits you but does no damage. Terence closely misses you.
Things that are here:
a +0 club; a +0 ring mail; an orc corpse You closely miss something.
Something hits you. Terence hits you but does no damage.
You barely miss something. Terence barely misses you. Something hits you!
* * * LOW HITPOINT WARNING * * *
Casting: Vampiric Draining (quite dangerous; 13% risk of failure)
Confirm with . or Enter, or press ? or * to list all spells.
You don't have enough magic to cast this spell.
It was a potion of berserk rage.
A red film seems to cover your vision as you go berserk!
You feel yourself moving faster!
You feel mighty!
Terence hits you from afar with a +0 trident.
* * * LOW HITPOINT WARNING * * *
Unknown command.
You feel a strong urge to attack something.
Something hits you but does no damage.
You feel your anger nearly subside.
You are no longer berserk.
You are exhausted.
You feel yourself slow down.
Terence screams, "I'm going to kill you!"
Something hits you.
* * * LOW HITPOINT WARNING * * *
Something hits you.
You die...

######
#.{..#
#@##@#
#.##.#
#@##.#
#.##.#
#)##.#
.....
#)##.#
....#####
#.##.#
........#
#.##.#
..........
#.#


There were no monsters in sight!

Vanquished Creatures
  3 gnolls (D:2)
  4 adders
  3 orcs (D:3)
  5 endoplasms
  A giant cockroach (D:2)
  4 goblins
  6 hobgoblins
  2 jackals (D:3)
  3 kobolds
  A quokka (D:2)
  2 ball pythons
  4 bats
  A frilled lizard (D:1)
  3 rats
42 creatures vanquished.

Notes
Turn   | Place    | Note
-------+----------+-------------------------------------------
     0 | D:1      | nicknak712 the Demonspawn Necromancer began the quest for
                  | the Orb.
     0 | D:1      | Reached XP level 1. HP: 13/13 MP: 3/3
   282 | D:1      | Gained mutation: Your demonic aura sometimes causes spilled
                  | blood to erupt in flames. [demonic ancestry]
   282 | D:1      | Reached XP level 2. HP: 13/19 MP: 0/5
  1083 | D:2      | Gained mutation: You are partially covered in slimy green
                  | scales. (AC +2) [demonic ancestry]
  1083 | D:2      | Reached XP level 3. HP: 24/24 MP: 2/6
  1173 | D:2      | Learned a level 3 spell: Vampiric Draining
  1274 | D:2      | Gained mutation: You have a small tail. [demonic ancestry]
  1274 | D:2      | Reached XP level 4. HP: 13/30 MP: 3/7
  1396 | D:2      | Found a faded altar of an unknown god.
  2140 | D:3      | Noticed Sigmund
  2142 | D:3      | Noticed Terence
  2216 | D:3      | Slain by Sigmund

Illustrated notes

Levels and vault maps discovered:
D:1:      wander_arrival_lonely_grave, layout_basic
D:2:      layout_loops_cross, shapermc_ecumenical_altar_acropolis,
          nicolae_kite_square_tiling_tiny, nicolae_figureground_pulse
D:3:      layout_basic, tso_altar, kennysheep_jessica_study, uniq_jessica,
          uniq_sigmund, uniq_terence

Skill      XL: |  1  2  3  4 |
---------------+-------------+-----
Stealth        | 2 3 |  3.0
Dodging        | 2 |  2.9
Spellcasting   | |  2.6
Necromancy     | |  4.8

Action                     |  1- 3 |  4- 6 || total
---------------------------+-------+-------++-------
  Melee: Mace              |    32 |    56 ||    88
         Tailslap          |       |     7 ||     7
         Punch             |       |     1 ||     1
   Cast: Necrotise         |    40 |    15 ||    55
         Vampiric Draining |     1 |     3 ||     4
    Use: Potion            |       |     4 ||     4
 Armour: Leather armour    |     9 |    27 ||    36
  Dodge: Dodged            |    29 |    52 ||    81
  Block: Other             |    12 |    17 ||    29

Table legend: (Time is in decaauts)
 A = Elapsed time spent in this place.
 B = Non-inter-level travel time spent in this place.
 C = Inter-level travel time spent in this place.
 D = Time resting spent in this place.
 E = Time spent auto-exploring this place.
 F = Levels seen in this place.
 G = Mean time per level.
                   A        B        C        D        E       F      G
               +--------+--------+--------+--------+--------+-----+--------+
         Total |   2251 |   2238 |     13 |    188 |   1530 |   3 |  750.3 |
       Dungeon |   2251 |   2238 |     13 |    188 |   1530 |   3 |  750.3 |
               +--------+--------+--------+--------+--------+-----+--------+

Top non-repeatable levels by time:
     D:2: 1004 daAuts
     D:1: 924 daAuts
     D:3: 323 daAuts
